 Dungeon Crawl Stone Soup version 0.30-a0-965-g42e074c17a (webtiles) character file.

Game seed: 13580508351884921329

2954 BlueFish the Covert (level 9, 0/60 HPs)
             Began as an Octopode Warper on Mar 31, 2023.
             Slain by Gastronok (36 damage)
             ... on level 8 of the Dungeon.
             The game lasted 00:18:56 (7518 turns).

BlueFish the Covert (Octopode Warper)               Turns: 7518, Time: 00:18:57

Health: 0/60       AC:  1    Str: 14    XL:     9   Next: 81%
Magic:  24/24      EV: 14    Int: 15    God:
Gold:   98         SH:  0    Dex: 12    Spells: 10/17 levels left

rFire   . . .      SeeInvis .      - Unarmed
rCold   . . .      Faith    .    (no shield)
rNeg    . . .      Spirit   .    (helmet restricted)
rPois   .          Reflect  .    s - amulet of regeneration
rElec   .          Rampage  .    f - +4 ring of slaying
rCorr   .                        g - ring of willpower
Will    +....                    z - ring of magical power
Stlth   +++++                    (no ring)
HPRegen 1.10/turn                (no ring)
MPRegen 0.19/turn                (no ring)
                                 (no ring)
                                 (no ring)

@: no status effects
A: almost no armour, amphibious, 8 rings, camouflage 1, gelatinous body 1,
(nimble swimmer 1), tentacles
a: no special abilities


You were on level 8 of the Dungeon.
You visited 2 branches of the dungeon, and saw 9 of its levels.

You collected 289 gold pieces.
You spent 191 gold pieces at shops.

Inventory:

Missiles
 b - 7 boomerangs of dispersal
 c - 36 stones (quivered)
 o - 15 poisoned darts
 y - 2 silver boomerangs
Jewellery
 f - a +4 ring of slaying (left tentacle)
 g - a ring of willpower (right tentacle)
 s - an amulet of regeneration (around mantle)
 t - an amulet of faith
 z - a ring of magical power (on tentacle)
Wands
 C - a wand of digging (4)
 D - a wand of polymorph (7)
Scrolls
 a - 2 scrolls of blinking
 e - 2 scrolls of enchant armour {unknown}
 k - 3 scrolls of teleportation
 l - 3 scrolls of fog {unknown}
 p - a scroll of amnesia {unknown}
 x - a scroll of brand weapon {unknown}
 A - a scroll of poison {unknown}
Potions
 d - 3 potions of curing
 h - a potion of ambrosia
 i - a potion of invisibility
 j - a potion of cancellation
 m - 3 potions of mutation
 n - 2 potions of lignification
 q - a potion of flight
 r - a potion of resistance
 u - a potion of brilliance
 v - a potion of might {unknown}
 w - a potion of haste
 B - a potion of heal wounds {unknown}


   Skills:
 + Level 4.9 Fighting
 + Level 4.6 Throwing
 + Level 5.2 Dodging
 * Level 9.5 Stealth
 + Level 5.0 Unarmed Combat
 + Level 4.6 Spellcasting
 + Level 5.5 Translocations


You had 10 spell levels left.
You knew the following spells:

 Your Spells              Type           Power      Damage    Failure   Level
a - Blink                 Tloc           40%        N/A       2%          2
b - Lesser Beckoning      Tloc           40%        N/A       2%          2
c - Teleport Other        Tloc           20%        N/A       5%          3

Your spell library contained the following spells:

 Spells                   Type           Power      Damage    Failure   Level
 Vhi's Electric Charge    Tloc/Air       22%        N/A       16%         3
 Manifold Assault         Tloc           20%        N/A       17%         4
 Ozocubu's Armour         Ice            3%         N/A       45%         3
 Metabolic Englaciation   Hex/Ice        1%         N/A       99%         5
 Simulacrum               Ice/Necr       1%         N/A       100%        6


Dungeon Overview and Level Annotations

Branches:
Dungeon (8/15)             Temple (1/1) D:5
   Lair: D:8-11

Altars:
Ashenzari
Dithmenos
Elyvilon
Fedhas
Gozag
Hepliaklqana
Kikubaaqudgha
Makhleb
Nemelex Xobeh
Okawaru
Qazlal
Ru
Sif Muna
Trog
Uskayaw
Vehumet
Xom
The Shining One

Shops:
D:7 (*[?(

Annotations:
D:8 Gastronok


Innate Abilities, Weirdness & Mutations

You cannot wear most types of armour.
You are amphibious.
You can wear up to eight rings at the same time.
Your skin changes colour to match your surroundings (Stealth+).
Your rubbery body absorbs attacks. (AC +1, EV +1)
((You are camouflaged when in or above water. (Stealth+)))
You have tentacles for arms and can constrict up to eight enemies at once.


Message History

Gastronok waves his eye-stalks in wide circles.
The air twists around and strikes you!!
You tentacle-slap Gastronok.
Gastronok is moderately wounded.
You tentacle-slap Gastronok.
Gastronok is moderately wounded.
Gastronok bites you!
Casting: Lesser Beckoning (safe; 2% risk of failure)
Confirm with . or Enter, or press ? or * to list all spells.
You blink.
You see here 2 poisoned darts.
Found 19 gold pieces.
You feel stable enough to blink again.
Gastronok looks more healthy.
You tentacle-slap Gastronok. You squeeze Gastronok.
Gastronok is heavily wounded.
Gastronok bites you.
You bludgeon Gastronok! You squeeze Gastronok.
Gastronok is heavily wounded.
You tentacle-slap Gastronok. You squeeze Gastronok.
Gastronok is heavily wounded.
Gastronok casts a spell.
Gastronok puts on a burst of speed!
You tentacle-slap Gastronok. You squeeze Gastronok.
Gastronok is severely wounded.
You tentacle-slap Gastronok. You squeeze Gastronok!
Gastronok is severely wounded.
Gastronok misses you.
You tentacle-slap Gastronok.
Gastronok is severely wounded.
You bludgeon Gastronok!
Gastronok is severely wounded.
Gastronok bites you!!
You tentacle-slap Gastronok. You squeeze Gastronok.
Gastronok is almost dead.
You bludgeon Gastronok! You squeeze Gastronok.
Gastronok is almost dead.
Gastronok bites you!!!
Ouch! That really hurt!
You die...

########
#......####
#.........##
#......##..#
#......###@###
#......#.w..$#
#####......#.#.###
#..........#.._(.#
#.###......###(#.#
###.#
#......#$....#
....#
#......###(###
...># #.......#..#
....# #.#..#....##


You could see Gastronok (swift).

Vanquished Creatures
  Pikel (D:8)
  Sigmund (D:4)
  A steam dragon (D:7)
  Edmund (D:4)
  2 water moccasins
  3 black bears
  3 sky beasts (D:7)
  A kobold brigand (D:6)
  A lemure (D:7)
  4 scorpions
  4 killer bees (D:8)
  A howler monkey (D:7)
  4 hounds
  2 jellies
  2 orc priests (D:5)
  Crazy Yiuf (D:4)
  A gnoll bouda (D:5)
  4 sleepcaps
  3 iguanas
  4 orc wizards
  9 gnolls
  2 adders
  2 shadow imps
  2 white imps
  3 ufetubi
  A worm (D:3)
  3 dart slugs
  13 orcs
  6 bats
  7 endoplasms
  8 giant cockroaches
  10 hobgoblins
  5 quokkas
  16 ball pythons
  A frilled lizard (D:1)
  7 goblins
  10 kobolds
  6 rats
155 creatures vanquished.

Vanquished Creatures (others)
  17 plants
17 creatures vanquished.

Grand Total: 172 creatures vanquished

Notes
Turn   | Place    | Note
-------+----------+-------------------------------------------
     0 | D:1      | BlueFish the Octopode Warper began the quest for the Orb.
     0 | D:1      | Reached XP level 1. HP: 14/14 MP: 3/3
   120 | D:1      | Reached skill level 1 in Stealth
   120 | D:1      | Reached XP level 2. HP: 13/19 MP: 5/5
   124 | D:1      | Learned a level 2 spell: Blink
   127 | D:1      | Learned a level 2 spell: Lesser Beckoning
   406 | D:1      | Reached XP level 3. HP: 19/24 MP: 6/6
   559 | D:1      | Reached skill level 2 in Stealth
  1535 | D:2      | Reached XP level 4. HP: 29/29 MP: 7/7
  2370 | D:3      | Reached skill level 3 in Stealth
  2896 | D:4      | Reached XP level 5. HP: 35/35 MP: 8/8
  2903 | D:4      | Learned a level 3 spell: Teleport Other
  2935 | D:4      | Noticed a black bear
  3120 | D:4      | Noticed Sigmund
  3167 | D:4      | Killed Sigmund
  3168 | D:4      | Reached skill level 4 in Stealth
  3168 | D:4      | Reached XP level 6. HP: 39/41 MP: 8/10
  3309 | D:4      | Noticed Edmund
  3413 | D:4      | Reached skill level 5 in Stealth
  3413 | D:4      | Reached XP level 7. HP: 39/45 MP: 11/11
  3713 | D:4      | Killed Edmund
  3928 | D:4      | Found a runed translucent door.
  3929 | D:4      | Noticed Crazy Yiuf
  4094 | D:4      | Killed Crazy Yiuf
  4134 | D:5      | Entered Level 5 of the Dungeon
  4172 | D:5      | Reached skill level 6 in Stealth
  4196 | D:5      | Reached XP level 8. HP: 20/52 MP: 11/13
  4303 | D:5      | Found a staircase to the Ecumenical Temple.
  4314 | Temple   | Entered the Ecumenical Temple
  4645 | D:5      | Found a bloodstained altar of Trog.
  5041 | D:5      | Reached skill level 7 in Stealth
  5745 | D:6      | Found a white marble altar of Elyvilon.
  5763 | D:6      | Reached XP level 9. HP: 46/58 MP: 12/15
  5843 | D:6      | Reached skill level 8 in Stealth
  6042 | D:7      | Found Witevik's Assorted Antiques.
  6051 | D:7      | Bought a twisted marble ring for 110 gold pieces
  6133 | D:7      | Found a stormy altar of Qazlal.
  6161 | D:7      | Found Itaul's Armour Shoppe.
  6187 | D:7      | Reached skill level 5 in Translocations
  6419 | D:7      | Found Enili's Magic Scroll Emporium.
  6436 | D:7      | Bought a scroll of teleportation for 33 gold pieces
  6566 | D:7      | Found Vungu's Antique Weapon Shoppe.
  6750 | D:7      | Found Kybresme's Weapon Shoppe.
  6906 | D:7      | Bought 5 poisoned darts for 48 gold pieces
  7155 | D:8      | Noticed Pikel
  7257 | D:8      | Noticed Gastronok
  7287 | D:8      | Killed Pikel
  7288 | D:8      | Reached skill level 5 in Dodging
  7288 | D:8      | Reached skill level 9 in Stealth
  7345 | D:8      | Reached skill level 5 in Unarmed Combat
  7450 | D:8      | Found an opulent altar of Gozag.
  7518 | D:8      | Slain by Gastronok

Illustrated notes

Levels and vault maps discovered:
D:1:      minmay_arrival_arboretum_small, layout_loops_ring, chequers_arboretum,
          minmay_tetromino_t4
D:2:      layout_basic, serial_forest, infiniplex_forest_clump_curved,
          infiniplex_forest_clump_medium, infiniplex_forest_corner_1,
          infiniplex_forest_split, infiniplex_forest_lined_corner,
          infiniplex_forest_clump_cross, minmay_goblin_outpost
D:3:      layout_basic
D:4:      layout_basic, hellmonk_no_cap, uniq_crazy_yiuf_cottage, uniq_edmund,
          uniq_sigmund
D:5:      layout_loops_cross, lightli_temple_of_fire,
          minmay_temple_entry_junction, minmay_stone_trees_small,
          minmay_misc_feat_room, nicolae_zen_rock_garden
D:6:      layout_basic, mainiacjoe_overflow_paths
D:7:      layout_basic, lemuel_tele_altar, serial_shops,
          nicolae_shop_waterfront, shop, nicolae_shop_advertising_works
          [nicolae_subvault_shop_adworks], nicolae_shop_hallway_stairs,
          nicolae_square_shop, dreamdust_princess_corridor
D:8:      layout_basic, nicolae_gozag_cash_rules_everything_around_me,
          uniq_gastronok, uniq_erica, uniq_pikel
Temple:   dpeg_chambers_temple

Skill      XL: |  1  2  3  4  5  6  7  8  9 |
---------------+----------------------------+-----
Stealth        | 1 2 3 4 5 6 7 9 |  9.5
Throwing       | 2 3 4 |  4.6
Dodging        | 3 4 5 |  5.2
Unarmed Combat | 3 4 5 |  5.0
Fighting       | 3 4 |  4.9
Spellcasting   | 3 4 |  4.6
Translocations | 4 5 |  5.5

Action                     |  1- 3 |  4- 6 |  7- 9 || total
---------------------------+-------+-------+-------++-------
  Melee: Unarmed           |    72 |    97 |   236 ||   405
         Constrict         |    16 |    30 |    45 ||    91
         Tentacles         |    14 |    23 |    78 ||   115
         Punch             |       |       |     5 ||     5
  Throw: Dart              |     5 |    13 |    17 ||    35
         Stone             |       |       |     8 ||     8
   Cast: Lesser Beckoning  |       |       |    26 ||    26
         Blink             |       |       |     2 ||     2
    Use: Scroll            |       |     6 |     4 ||    10
         Potion            |       |       |     1 ||     1
   Stab: Sleeping          |    14 |    13 |     9 ||    36
         Distracted        |     1 |       |       ||     1
 Armour: Skin              |     7 |     3 |     7 ||    17
  Dodge: Dodged            |    38 |    43 |   148 ||   229

Table legend: (Time is in decaauts)
 A = Elapsed time spent in this place.
 B = Non-inter-level travel time spent in this place.
 C = Inter-level travel time spent in this place.
 D = Time resting spent in this place.
 E = Time spent auto-exploring this place.
 F = Levels seen in this place.
 G = Mean time per level.
                   A        B        C        D        E       F      G
               +--------+--------+--------+--------+--------+-----+--------+
         Total |   7488 |   7083 |    405 |    127 |   5250 |   9 |  832.0 |
       Dungeon |   7261 |   6879 |    382 |    127 |   5058 |   8 |  907.6 |
        Temple |    227 |    204 |     23 |      0 |    192 |   1 |  227.0 |
               +--------+--------+--------+--------+--------+-----+--------+

Top non-repeatable levels by time:
     D:4: 1218 daAuts
     D:2: 1199 daAuts
     D:7: 1137 daAuts
     D:5: 1037 daAuts
     D:1: 938 daAuts
     D:3: 777 daAuts
     D:6: 638 daAuts
     D:8: 313 daAuts
  Temple: 227 daAuts
